 Dungeon Crawl Stone Soup version 0.21.0 (webtiles) character file.

30 HungrySpirit the Charlatan (level 3, -9/30 HPs)
             Began as a Deep Elf Artificer on Jan 7, 2018.
             Was an Initiate of Vehumet.
             Killed by divine providence
             ... invoked by an orc priest
              (15 damage)
             ... on level 2 of the Dungeon.
             The game lasted 00:02:27 (1921 turns).

HungrySpirit the Charlatan (Deep Elf Artificer)     Turns: 1921, Time: 00:02:28

Health: -9/30      AC: 21    Str:  9    XL:     3   Next: 5%
Magic:  7/7        EV:  2    Int: 16    God:    Vehumet [......]
Gold:   63         SH:  0    Dex: 15    Spells: 2/2 levels left

rFire    . . .     SeeInvis .   a - +0 short sword
rCold    . . .     Gourm    .   (no shield)
rNeg     + + +     Faith    .   (armour currently unavailable)
rPois    +         Spirit   .   (helmet currently unavailable)
rElec    .         Reflect  .   (cloak currently unavailable)
rCorr    .         Harm     .   (gloves currently unavailable)
MR       .....     NoTele   +   (boots currently unavailable)
Stlth    ++........             (no amulet)
HPRegen  0.10/turn              (no ring)
MPRegen  0.10/turn              (no ring)

@: tree-form
A: no striking features
a: Renounce Religion


You were on level 2 of the Dungeon.
You worshipped Vehumet.
Vehumet was noncommittal.
You were not hungry.
You were a tree.
You visited 1 branch of the dungeon, and saw 2 of its levels.

You collected 63 gold pieces.

Inventory:

Hand Weapons
 a - a +0 short sword (weapon)
Armour
 b - a +0 leather armour (melded)
 k - a +0 helmet (melded)
Magical Staves
 l - an uncursed staff of death
Jewellery
 o - an uncursed ring of ice
Wands
 c - a wand of flame (11)
 d - a wand of enslavement (12)
 e - a wand of random effects (15)
Scrolls
 g - 2 scrolls of teleportation {unknown}
 j - a scroll of remove curse {unknown}
 m - 2 scrolls of identify {unknown}
Potions
 h - 2 potions of curing {unknown}
 i - a potion of lignification
 p - a potion of brilliance {unknown}
Comestibles
 f - 4 rations
 n - a chunk of flesh


   Skills:
 + Level 1.3 Fighting
 * Level 2.2 Short Blades
 + Level 3.0 Dodging
 - Level 1.2 Stealth
 - Level 3.2 Evocations


You had 2 spell levels left.
You didn't know any spells.

Dungeon Overview and Level Annotations

Branches:
Dungeon (2/15)

Altars:
Elyvilon
Vehumet


Message History

What are your orders? t - Shout!
Orders for allies: a - Attack new target. p - Attack previous target. r - Retreat! s - Stop attacking. g - Guard the area. f - Follow me.
Anything else - Cancel.
Retreat in which direction?
Press: ? - help, Dir - move target cursor, p - orc priest Fall back!
Found a plate armour.
You start resting.
An orc priest is nearby!
It was a potion of lignification.
You turn into a tree.
Your +0 helmet melds into your body.
Your +0 leather armour melds into your body.
Your roots penetrate the ground.
The orc priest calls down the wrath of Beogh upon you.
Beogh smites you!
Ouch! That really hurt!
You die...

#...## #####..#....## #.
#..... ..##..#.##.# # #.
#####....####.##..#.##.# ...
##
..............##..#.##.#.....
..........>..................#
..............#####.####.....#
#####.........##.o....# ....[#
#...########.##.#.# #####
#...# #♣##...# ### ### #...#
#.####.# #.. ..# #...# #.. ...
#.# ..###...#### #### ### #o
#..##..#...## #.[ .o
..#.#.#.###.## ≈≈.. #..
.###...## ##.###≈..♣ ...
..#.#..# #........ ##o#
#..##..## ##.....♣._ #o


You could see an orc priest.

Vanquished Creatures
  3 dart slugs
  2 leopard geckos (D:2)
  A giant cockroach (D:2)
  2 goblins
  A quokka (D:2)
  A ball python (D:1)
  5 bats (D:1)
  4 frilled lizards
  4 kobolds
  3 rats
26 creatures vanquished.

Vanquished Creatures (others)
  An orc (D:2)
  A quokka (D:2)
  A rat (D:2)
3 creatures vanquished.

Grand Total: 29 creatures vanquished

Notes
Turn   | Place    | Note
-------+----------+-------------------------------------------
     0 | D:1      | HungrySpirit the Deep Elf Artificer began the quest for the Orb.
     0 | D:1      | Reached XP level 1. HP: 11/11 MP: 5/5
   519 | D:1      | Reached skill level 1 in Fighting
   826 | D:1      | Reached XP level 2. HP: 14/16 MP: 6/6
  1172 | D:2      | Found a white marble altar of Elyvilon.
  1233 | D:2      | Found a radiant altar of Vehumet.
  1273 | D:2      | Became a worshipper of Vehumet
  1829 | D:2      | Reached XP level 3. HP: 20/20 MP: 7/7
  1921 | D:2      | Killed from afar by an orc priest

Skill      XL: |  1  2 |
---------------+-------+-----
Fighting       | 1 |  1.3
Short Blades   | 2 |  2.2
Dodging        | 3 |  3.0
Stealth        | |  1.2
Evocations     | |  3.2

Action                   || total
-------------------------++-------
Melee: Short sword       ||    99
Evoke: Wand              ||     7
  Use: Potion            ||     1
 Stab: Sleeping          ||     5
  Eat: Chunk             ||     3
Armor: Leather armour    ||    32
Dodge: Dodged            ||    69
